 Dungeon Crawl Stone Soup version 0.28-a0-622-gbaef9634d7 (webtiles) character file.

Game seed: 14375989076857249804

1413 siradein the Skirmisher (level 8, -2/69 HPs)
             Began as a White Draconian Gladiator on Oct 8, 2021.
             Slain by a lemure (4 damage)
             ... led by Pikel
             ... on level 5 of the Dungeon.
             The game lasted 00:10:27 (6498 turns).

siradein the Skirmisher (White Draconian Gladiator) Turns: 6498, Time: 00:10:27

Health: -2/69      AC:  8    Str: 23    XL:     8   Next: 43%
Magic:  17/17      EV: 14    Int:  9    God:
Gold:   158        SH:  5    Dex: 14    Spells: 7/7 levels left

rFire   . . .      SeeInvis .   a - +0 trident
rCold   + . .      Faith    .   i - +0 buckler
rNeg    . . .      Spirit   .   (armour unavailable)
rPois   .          Reflect  .   (helmet restricted)
rElec   .          Harm     .   q - +0 cloak
rCorr   .          Rampage  .   z - +0 pair of gloves
Will    .....                   (no boots)
Stlth   +.........              (no amulet)
HPRegen 0.21/turn               o - +6 ring of strength
MPRegen 0.15/turn               m - ring of magical power

@: short of breath
A: breathe frost, AC +6, unfitting armour, cold resistance 1, cold-blooded
a: Breathe Frost


You were on level 5 of the Dungeon.
You visited 1 branch of the dungeon, and saw 6 of its levels.

You collected 158 gold pieces.

Inventory:

Hand Weapons
 a - a +0 trident (weapon)
Missiles
 c - 3 throwing nets
 r - 4 javelins
Armour
 i - a +0 buckler (worn)
 q - a +0 cloak (worn)
 z - a +0 pair of gloves (worn)
Jewellery
 m - a ring of magical power (right hand)
 o - a +6 ring of strength (left hand)
Scrolls
 d - a scroll of enchant armour {unknown}
 f - a scroll of torment {unknown}
 h - 5 scrolls of magic mapping
 l - a scroll of noise {unknown}
 n - 2 scrolls of amnesia {unknown}
 s - 3 scrolls of identify
 x - a scroll of immolation {unknown}
 y - a scroll of fear {unknown}
Potions
 b - a potion of attraction
 e - a potion of magic
 k - 2 potions of haste
 p - a potion of invisibility
 t - 2 potions of brilliance
 u - a potion of might
 v - a potion of flight {unknown}
 w - a potion of degeneration {unknown}
Miscellaneous
 g - a box of beasts


   Skills:
 + Level 5.6 Fighting
 + Level 5.5 Polearms
 + Level 4.6 Throwing
 + Level 5.1 Dodging
 - Level 4.0 Shields


You had 7 spell levels left.
You didn't know any spells.
Your spell library contained the following spells:

 Spells                   Type           Power      Damage    Failure   Level
 Call Canine Familiar     Summ           0%         N/A       77%         3
 Portal Projectile        Hex/Tloc       0%         N/A       77%         3
 Leda's Liquefaction      Hex/Erth       0%         N/A       99%         4


Dungeon Overview and Level Annotations

Branches:
Dungeon (6/15)
 Temple: D:4-7

Altars:
Elyvilon
Kikubaaqudgha

Annotations:
D:5 Menkaure, Pikel
D:6 Dowan


Innate Abilities, Weirdness & Mutations

You can breathe waves of freezing cold which knock back foes.
Your icy white scales are hard. (AC +6)
You cannot fit into any form of body armour.
Your flesh is cold resistant. (rC+)
You are cold-blooded and may be slowed by cold attacks.


Message History

You puncture the iguana!
You kill the iguana!
The lemure hits you but does no damage.
The orc warrior hits you with a +0 flail!
You closely miss the orc warrior. The lemure hits you but does no damage.
The orc warrior hits you with a +0 flail.
You hit the orc warrior.
You tail-slap the orc warrior, but do no damage.
The orc warrior is lightly wounded.
The lemure misses you. The orc warrior barely misses you.
You hit the orc warrior.
The orc warrior is moderately wounded.
The lemure hits you.
* * * LOW HITPOINT WARNING * * *
The orc warrior barely misses you.
You hit the orc warrior.
You tail-slap the orc warrior, but do no damage.
The orc warrior is moderately wounded.
The lemure hits you but does no damage.
The orc warrior hits you with a +0 flail.
* * * LOW HITPOINT WARNING * * *
You hit the orc warrior.
The orc warrior is heavily wounded.
The lemure hits you.
* * * LOW HITPOINT WARNING * * *
The orc warrior hits you with a +0 flail.
* * * LOW HITPOINT WARNING * * *
You hit the orc warrior.
You tail-slap the orc warrior, but do no damage.
The orc warrior is severely wounded.
The lemure hits you but does no damage. The orc warrior barely misses you.
You hit the orc warrior.
The orc warrior is severely wounded.
The lemure hits you.
* * * LOW HITPOINT WARNING * * *
The orc warrior barely misses you.
You closely miss the orc warrior.
The orc warrior is severely wounded.
The lemure hits you.
You die...

#.......# #.##.###......
#.......# #.##.#....#5.l
........#########.##.#........
##................##..........
......#.###############....[..
#######.# .@..... #<# #.# .......
##.####.###############...####
...............5@oo........ ..
##.####....##################.
...........................>#.##
##.####....####.###########.#..#
##.# #....# #.# #.##.# ...#
#.#### #)###########M.#.##
#######.# #..............#..#
........# ##############..#.#
############################..#..


You could see an orc warrior, a lemure and an orc.

Vanquished Creatures
  Grinder (D:4)
  Sigmund (D:5)
  Eustachio (D:5)
  A water moccasin (D:5)
  Edmund (D:5)
  An ogre (D:5)
  A lemure (D:5)
  Blork the orc (D:5)
  A scorpion (D:5)
  A howler monkey (D:4)
  2 hounds (D:5)
  3 orc priests
  A gnoll shaman (D:3)
  3 iguanas
  An orc wizard (D:3)
  5 adders
  An ufetubus (D:5)
  An adder zombie (D:4)
  An adder skeleton (D:4)
  A worm (D:4)
  2 dart slugs (D:3)
  16 orcs
  8 ball pythons
  4 bats
  6 endoplasms
  3 giant cockroaches
  18 goblins
  12 hobgoblins
  2 jackals (D:2)
  3 quokkas (D:1)
  4 frilled lizards
  13 kobolds
  5 rats
125 creatures vanquished.

Vanquished Creatures (others)
  6 plants
6 creatures vanquished.

Grand Total: 131 creatures vanquished

Notes
Turn   | Place    | Note
-------+----------+-------------------------------------------
     0 | D:1      | siradein the Draconian Gladiator began the quest for the
                  | Orb.
     0 | D:1      | Reached XP level 1. HP: 17/17 MP: 1/1
   432 | D:1      | Reached XP level 2. HP: 25/25 MP: 2/2
   699 | D:1      | Found a faded altar of an unknown god.
  1187 | D:2      | Reached XP level 3. HP: 30/30 MP: 3/3
  1863 | D:2      | Reached XP level 4. HP: 31/38 MP: 4/4
  2366 | D:2      | Reached skill level 1 in Shields
  2487 | D:3      | Reached XP level 5. HP: 33/45 MP: 5/5
  2954 | D:3      | Found an ancient bone altar of Kikubaaqudgha.
  3039 | D:3      | You fall into a shaft and drop 1 floor!
  3057 | D:4      | Noticed Grinder
  3092 | D:4      | Paralysed by Grinder for 7 turns
  3694 | D:3      | Reached XP level 6. HP: 21/52 MP: 6/6
  4264 | D:4      | Found a white marble altar of Elyvilon.
  4312 | D:4      | Killed Grinder
  4313 | D:4      | Your scales start taking on an icy white colour.
  4313 | D:4      | Reached XP level 7. HP: 53/60 MP: 7/7
  4313 | D:4      | Gained mutation: Your flesh is cold resistant. (rC+) [White
                  | Draconian growth]
  4600 | D:5      | Entered Level 5 of the Dungeon
  4614 | D:5      | Noticed Blork the orc
  4629 | D:5      | Killed Blork the orc
  5354 | D:5      | Noticed Menkaure
  5400 | D:6      | Noticed Dowan
  5461 | D:5      | HP: 1/60 [hound (5)]
  5478 | D:5      | HP: 3/60 [hound (1)]
  5826 | D:5      | Reached skill level 5 in Fighting
  5826 | D:5      | Reached skill level 5 in Polearms
  5972 | D:5      | Noticed Eustachio
  5990 | D:5      | Killed Eustachio
  5991 | D:5      | Reached XP level 8. HP: 47/68 MP: 8/8
  6107 | D:5      | Noticed Sigmund
  6109 | D:5      | Noticed Pikel
  6174 | D:5      | Killed Sigmund
  6412 | D:5      | Noticed Edmund
  6445 | D:5      | Killed Edmund
  6446 | D:5      | Reached skill level 5 in Dodging
  6497 | D:5      | HP: 2/69 [lemure[Pikel] (5)]
  6498 | D:5      | Slain by a lemure

Illustrated notes

Levels and vault maps discovered:
D:1:      lightli_arrival_chessboard, layout_loops_ring,
          hellmonk_ecumenical_altar_leap_of_faith,
          chequers_serial_rivers_room_b, feat_on_display
D:2:      layout_basic, minmay_misc_feat_room
D:3:      layout_loops_ring, mainiacjoe_overflow_catwalk
D:4:      minmay_octagon_keep, layout_rooms, mainiacjoe_overflow_chevrons,
          dk_vineyard_2, uniq_grinder, uniq_robin
D:5:      corexii_shantytown, layout_basic, skrybe_limestone_x, uniq_eustachio,
          uniq_pikel, uniq_sigmund, uniq_blork_the_orc, uniq_menkaure,
          uniq_edmund
D:6:      layout_rooms, nicolae_uskayaw_murder_on_the_dancefloor,
          lemuel_coloured_pillars_altar, uniq_duvessa, uniq_prince_ribbit1

Skill      XL: |  1  2  3  4  5  6  7  8 |
---------------+-------------------------+-----
Throwing       | 2 3 4 |  4.6
Dodging        | 3 4 5 |  5.1
Fighting       | 3 4 5 |  5.6
Shields        | 1 2 3 4 |  4.0
Polearms       | 4 5 |  5.5

Action                   |  1- 3 |  4- 6 |  7- 9 || total
-------------------------+-------+-------+-------++-------
Melee: Trident           |   130 |   172 |   144 ||   446
       Tailslap          |    10 |    22 |    22 ||    54
Throw: Throwing net      |       |     1 |       ||     1
 Abil: Breathe Frost     |       |       |    22 ||    22
  Use: Scroll            |       |     5 |       ||     5
       Potion            |       |     1 |     1 ||     2
 Stab: Sleeping          |     3 |     3 |       ||     6
       Held in net/web   |       |     1 |       ||     1
       Distracted        |       |     1 |       ||     1
Armor: Skin              |    29 |    34 |    42 ||   105
Dodge: Dodged            |    63 |    62 |    97 ||   222
Block: Buckler           |     9 |    24 |    25 ||    58

Table legend: (Time is in decaauts)
 A = Elapsed time spent in this place.
 B = Non-inter-level travel time spent in this place.
 C = Inter-level travel time spent in this place.
 D = Time resting spent in this place.
 E = Time spent auto-exploring this place.
 F = Levels seen in this place.
 G = Mean time per level.
                   A        B        C        D        E       F      G
               +--------+--------+--------+--------+--------+-----+--------+
         Total |   6577 |   6462 |    115 |    393 |   4641 |   6 | 1096.2 |
       Dungeon |   6577 |   6462 |    115 |    393 |   4641 |   6 | 1096.2 |
               +--------+--------+--------+--------+--------+-----+--------+

Top non-repeatable levels by time:
     D:5: 1848 daAuts
     D:3: 1423 daAuts
     D:2: 1192 daAuts
     D:1: 1074 daAuts
     D:4: 982 daAuts
     D:6: 56 daAuts
